 Dungeon Crawl Stone Soup version 0.29-a0-598-gd8304a5bf4 (webtiles) character file.

Game seed: 10067284729330056848

14 happo123 the Ruffian (level 2, -4/27 HPs)
             Began as a Troll Transmuter on June 16, 2022.
             Slain by Sigmund
             ... wielding a +0 scythe
              (11 damage)
             ... on level 2 of the Dungeon.
             The game lasted 00:03:00 (856 turns).

happo123 the Ruffian (Troll Transmuter)              Turns: 856, Time: 00:03:01

Health: -4/27      AC:  4    Str: 17    XL:     2   Next: 27%
Magic:  11/12      EV:  9    Int:  9    God:
Gold:   84         SH:  0    Dex: 10    Spells: 2/3 levels left

rFire   . . .      SeeInvis .     - Unarmed
rCold   . . .      Faith    .   (no shield)
rNeg    . . .      Spirit   .   a - +0 robe
rPois   .          Reflect  .   (helmet currently unavailable)
rElec   .          Harm     .   (no cloak)
rCorr   .          Rampage  .   (gloves unavailable)
Will    .....                   (boots unavailable)
Stlth   +.........              (no amulet)
HPRegen 0.89/turn               i - ring of magical power
MPRegen 0.13/turn               (no ring)

@: appendages (expiring)
A: horns 2, talons 2, large, unfitting armour, claws 3, regeneration 1, shaggy
fur 1, tough skin 1
a: End Transformation


You were on level 2 of the Dungeon.
You had temporarily grown beastly horns and talons.
You visited 1 branch of the dungeon, and saw 2 of its levels.

You collected 84 gold pieces.

Inventory:

Armour
 a - a +0 robe (worn)
Magical Staves
 j - a staff of poison
Jewellery
 i - a ring of magical power (left claw)
Scrolls
 d - a scroll of identify {unknown}
 f - a scroll of enchant weapon {unknown}
 g - a scroll of fear {unknown}
 h - a scroll of enchant armour {unknown}
Potions
 b - a potion of lignification
 c - a potion of resistance {unknown}
 e - 3 potions of curing {unknown}


   Skills:
 + Level 1.0 Fighting
 + Level 1.6 Dodging
 * Level 3.1 Unarmed Combat
 + Level 1.3 Spellcasting
 * Level 1.6 Transmutations
 + Level 0.2 Ice Magic


You had 2 spell levels left.
You knew the following spells:

 Your Spells              Type           Power      Damage    Failure   Level
a - Beastly Appendage     Tmut           6%         N/A       19%         1

Your spell library contained the following spells:

 Spells                   Type           Power      Damage    Failure   Level
 Wereblood                Tmut           3%         N/A       28%         2
 Spider Form              Tmut/Pois      2%         N/A       61%         3
 Ice Form                 Ice/Tmut       2%         N/A       94%         4


Dungeon Overview and Level Annotations

Branches:
Dungeon (2/15)

Altars:

Annotations:
D:2 Sigmund


Innate Abilities, Weirdness & Mutations

You have temporarily grown beastly horns and talons.
You are too large for most types of armour.
You have claws for hands.
Your natural rate of healing is unusually fast.
You are covered in fur. (AC +1)
You have tough skin. (AC +1)


Message History

Your horns disappear.
Your talons disappear.
HP restored.
Casting: Beastly Appendage (safe; 19% risk of failure)
Press: ? - help, Q - select action Dir - look around, f - activate You grow a pair of large bovine horns.
Your feet morph into talons.
Your transformation is almost over.
You climb downwards.
Level annotation: Sigmund The kobold hits you but does no damage. x2
There is a stone staircase leading up, spattered with blood here.
You scratch the kobold.
You kill the kobold!
Things that are here:
a +0 dagger; 2 stones; a kobold corpse
There is a stone staircase leading up, spattered with blood here.
Sigmund gestures at you while chanting. The puff of flame hits you!
Your horns disappear.
Your talons disappear.
Sigmund hits you but does no damage. Sigmund hits you with a +0 scythe.
Casting: Beastly Appendage (safe; 19% risk of failure)
Press: ? - help, Q - select action Dir - look around, f - activate Look: Sigmund, wielding a +0 scythe and wearing a +0 robe You grow a pair of large bovine horns.
Your feet morph into talons.
Your transformation is almost over.
You barely miss Sigmund. Your kick misses Sigmund.
Sigmund hits you with a +0 scythe!
You scratch Sigmund but do no damage. You claw Sigmund.
Sigmund is lightly wounded.
Sigmund flickers, as though insubstantial.
Sigmund points at you and mumbles some strange words.
The puff of flame hits you!
* * * LOW HITPOINT WARNING * * *
You barely miss Sigmund.
Sigmund is lightly wounded.
You scratch Sigmund. Your kick misses Sigmund.
Sigmund is lightly wounded.
Sigmund says, "Look into my eyes."
Sigmund hits you with a +0 scythe!
You die...

####.###### #.##.##...#
#.##.##.### ###
#)##.....########## #.#
#.................# #.#
....###.......#.######.######
.........##...#.............##.
....####.......@......<).......
.......#......#.@...####.......
#..............................
#.#.##.#..........$.........###
.........##...................
.......## #..#.#...#..##....###
#.#.... #....#.#.#..# .....
#.##..> .....................
#.##.#. #######........ .....#


You could see Sigmund.

Vanquished Creatures
  A worm (D:1)
  2 endoplasms (D:1)
  3 goblins
  A kobold (D:2)
  2 bats (D:1)
  A rat (D:1)
10 creatures vanquished.

Notes
Turn   | Place    | Note
-------+----------+-------------------------------------------
     0 | D:1      | happo123 the Troll Transmuter began the quest for the Orb.
     0 | D:1      | Reached XP level 1. HP: 18/18 MP: 1/1
   338 | D:1      | Found a faded altar of an unknown god.
   562 | D:1      | Reached skill level 1 in Fighting
   562 | D:1      | Reached XP level 2. HP: 19/27 MP: 3/3
   820 | D:2      | Noticed Sigmund
   856 | D:2      | Slain by Sigmund

Illustrated notes

Levels and vault maps discovered:
D:1:      co_arrival_square_in_a_square_in_a_square, layout_basic,
          shapermc_ecumenical_altar_mp_vishouse, chequers_serial_rivers_micro_d,
          st_stairs_6, minmay_misc_feat_rows, nicolae_wormholes
D:2:      layout_basic, basic_altar, minmay_misc_feat_x, uniq_sigmund

Skill      XL: |  1 |
---------------+----+-----
Fighting       | 1 |  1.0
Dodging        | |  1.6
Unarmed Combat | |  3.1
Spellcasting   | |  1.3
Transmutations | |  1.6
Ice Magic      | |  0.2

Action                   || total
-------------------------++-------
Melee: Unarmed           ||    26
       Kick              ||     2
       Headbutt          ||     1
 Cast: Beastly Appendage ||     4
 Stab: Sleeping          ||     1
Armor: Robe              ||    13
Dodge: Dodged            ||    10

Table legend: (Time is in decaauts)
 A = Elapsed time spent in this place.
 B = Non-inter-level travel time spent in this place.
 C = Inter-level travel time spent in this place.
 D = Time resting spent in this place.
 E = Time spent auto-exploring this place.
 F = Levels seen in this place.
 G = Mean time per level.
                   A        B        C        D        E       F      G
               +--------+--------+--------+--------+--------+-----+--------+
         Total |    854 |    696 |    158 |      9 |    581 |   2 |  427.0 |
       Dungeon |    854 |    696 |    158 |      9 |    581 |   2 |  427.0 |
               +--------+--------+--------+--------+--------+-----+--------+

Top non-repeatable levels by time:
     D:1: 771 daAuts
     D:2: 83 daAuts
